[Event "Eurasia Open Cup 2019"]
[Site "Ekaterinburg"]
[Date "2019.08.03"]
[Round "4.25"]
[White "Radzhabov, Rodion"]
[Black "Chigaeva, Anastasia"]
[Result "1/2-1/2"]
[ECO "A07"]
[WhiteElo "2404"]
[BlackElo "2193"]
[Annotator "NA"]
[PlyCount "80"]
[EventDate "2019.07.31"]
[EventType "swiss"]
[EventCountry "RUS"]
[SourceTitle "playchess.com"]
[Source "ChessBase"]
[SourceQuality "1"]
[TimeControl "5400+30"]

1. Nf3 d5 2. g3 c6 3. Bg2 Nf6 4. O-O Bg4 5. d3 e6 6. Nbd2 Be7 7. h3 Bh5 8. e4 O-O 9. Qe2 Nbd7 10. e5 Ne8 11. Re1 Nc7 12. g4 Bg6 13. Nf1 f5 14. exf6 Bxf6 15. Ng3 Be7 16. d4 Bd6 17. c3 Qe7 18. Ne5 Nxe5 19. dxe5 Bc5 20. Be3 Rad8 21. Rad1 Na8 22. Bxc5 Qxc5 23. Qe3 Qxe3 24. Rxe3 Nb6 25. b3 Nd7 26. Ne2 Nc5 27. f4 Rde8 28. Kh2 Be4 29. Rf1 Bxg2 30. Kxg2 Ne4 31. c4 g5 32. h4 Nd2 33. Rf2 gxf4 34. Nxf4 Ne4 35. Rff3 Nd2 36. Rf2 Ne4 37. Rff3 Nd2 38. Rf2 Ne4 39. Rff3 Nd2 40. Rf2 Ne4 1/2-1/2

[Event "Eurasia Open Cup 2019"]
[Site "Ekaterinburg"]
[Date "2019.08.03"]
[Round "4.26"]
[White "Krasikov, Vladislav"]
[Black "Popov, Mikhail"]
[Result "0-1"]
[ECO "E94"]
[WhiteElo "2211"]
[BlackElo "2397"]
[Annotator "NA"]
[PlyCount "80"]
[EventDate "2019.07.31"]
[EventType "swiss"]
[EventCountry "RUS"]
[SourceTitle "playchess.com"]
[Source "ChessBase"]
[SourceQuality "1"]
[TimeControl "5400+30"]

1. d4 Nf6 2. c4 g6 3. Nc3 Bg7 4. e4 d6 5. Nf3 O-O 6. Be2 Na6 7. O-O e5 8. Re1 Qe8 9. dxe5 dxe5 10. b3 Qe7 11. Nd5 Nxd5 12. cxd5 f5 13. Bxa6 bxa6 14. a4 Re8 15. Ba3 Qf6 16. Rc1 fxe4 17. Nd2 Bb7 18. Rxc7 Bxd5 19. Nxe4 Bxe4 20. Rxe4 Rad8 21. Qc2 Qf5 22. Qc4+ Kh8 23. Re1 Rd2 24. Bc5 Rc2 25. Qxa6 e4 26. Qc6 Rf8 27. Rf1 Be5 28. Bxf8 Rxc6 29. Rxc6 Qxf8 30. Re1 Qb4 31. Rcc1 Kg7 32. Kf1 Qd2 33. Rcd1 Qc2 34. Rd7+ Kh6 35. Re7 Bc3 36. R1xe4 Qd1+ 37. Re1 Bxe1 38. Rxe1 Qxb3 39. Ra1 Qc4+ 40. Kg1 Qd4 0-1

[Event "Eurasia Open Cup 2019"]
[Site "Ekaterinburg"]
[Date "2019.08.03"]
[Round "4.27"]
[White "Cherniaev, Alexander"]
[Black "Yangutov, Aleksey"]
[Result "1-0"]
[ECO "B23"]
[WhiteElo "2396"]
[BlackElo "2157"]
[Annotator "NA"]
[PlyCount "81"]
[EventDate "2019.07.31"]
[EventType "swiss"]
[EventCountry "RUS"]
[SourceTitle "playchess.com"]
[Source "ChessBase"]
[SourceQuality "1"]
[TimeControl "5400+30"]

1. e4 c5 2. Nc3 Nc6 3. Bb5 g6 4. Bxc6 dxc6 5. d3 e5 6. Nge2 Nf6 7. O-O Bg7 8. f4 exf4 9. Bxf4 O-O 10. Qd2 Re8 11. Kh1 Nd7 12. Ng1 Ne5 13. Nf3 Nxf3 14. Rxf3 Bg4 15. Rf2 Qb6 16. Rb1 c4 17. Rff1 cxd3 18. cxd3 Rad8 19. Be3 Bd4 20. Qf2 Be6 21. Rbe1 Qc5 22. Nd5 Bxe3 23. Nf6+ Kh8 24. Rxe3 Rf8 25. Qh4 h5 26. Qf4 Kg7 27. Rg3 Rh8 28. e5 h4 29. Ne4 Qe7 30. Re3 Rh5 31. Nd6 Bd5 32. h3 Qg5 33. Re2 Qxf4 34. Rxf4 b6 35. a3 Rd7 36. d4 c5 37. Ne8+ Kh6 38. Nf6 Rd8 39. Nxh5 Kxh5 40. dxc5 bxc5 41. Rd2 1-0

[Event "Eurasia Open Cup 2019"]
[Site "Ekaterinburg"]
[Date "2019.08.03"]
[Round "4.28"]
[White "Kotlyar, Kirill"]
[Black "Kavyev, Ruslan"]
[Result "1-0"]
[ECO "D02"]
[WhiteElo "2387"]
[BlackElo "2167"]
[Annotator "NA"]
[PlyCount "95"]
[EventDate "2019.07.31"]
[EventType "swiss"]
[EventCountry "RUS"]
[SourceTitle "playchess.com"]
[Source "ChessBase"]
[SourceQuality "1"]
[TimeControl "5400+30"]

1. Nf3 Nf6 2. d4 g6 3. Nbd2 d5 4. e3 Bg7 5. b4 O-O 6. c4 a5 7. b5 c5 8. dxc5 Nfd7 9. Ba3 Bxa1 10. Qxa1 Qc7 11. Qd4 dxc4 12. Nxc4 Rd8 13. c6 bxc6 14. b6 Qb7 15. Bxe7 c5 16. Qf4 Rf8 17. Qh6 Qe4 18. Ng5 Qb1+ 19. Ke2 Qc2+ 20. Kf3 Ne5+ 21. Nxe5 Qf5+ 22. Kg3 Qxe5+ 23. Kh4 Qg7 24. Qxg7+ Kxg7 25. Bxf8+ Kxf8 26. Bc4 f6 27. Ne6+ Bxe6 28. Bxe6 Na6 29. Bc4 Nb4 30. a3 Nc2 31. Bd5 Rb8 32. b7 Ke7 33. a4 Nb4 34. Bf3 Nd3 35. Rb1 Ne5 36. Bd5 f5 37. Rb6 Kd7 38. h3 Kc7 39. Re6 Nd3 40. Rc6+ Kd7 41. Ra6 Nb4 42. Ra8 Kc7 43. Bf3 c4 44. Rxa5 Nd3 45. Rb5 Kd6 46. a5 Nc5 47. a6 Nxa6 48. Rb6+ 1-0

[Event "Eurasia Open Cup 2019"]
[Site "Ekaterinburg"]
[Date "2019.08.03"]
[Round "4.29"]
[White "Tunik, Gennady"]
[Black "Nosacheva, Mariya"]
[Result "0-1"]
[ECO "E94"]
[WhiteElo "2371"]
[BlackElo "2150"]
[Annotator "NA"]
[PlyCount "110"]
[EventDate "2019.07.31"]
[EventType "swiss"]
[EventCountry "RUS"]
[SourceTitle "playchess.com"]
[Source "ChessBase"]
[SourceQuality "1"]
[TimeControl "5400+30"]

1. d4 Nf6 2. c4 g6 3. Nc3 Bg7 4. e4 d6 5. Nf3 O-O 6. Be2 c6 7. O-O e5 8. dxe5 dxe5 9. Qxd8 Rxd8 10. Be3 Bg4 11. Rfd1 Nbd7 12. h3 Bxf3 13. Bxf3 Re8 14. b4 Nf8 15. b5 Ne6 16. bxc6 bxc6 17. Rab1 Bf8 18. Na4 Reb8 19. Rb3 Rb4 20. Rxb4 Bxb4 21. c5 Rd8 22. Rxd8+ Nxd8 23. Nb2 Ne6 24. Nd3 Bc3 25. Kf1 Kf8 26. Ke2 h5 27. Kd1 Nd7 28. Kc2 Bd4 29. Bxd4 Nxd4+ 30. Kc3 Nxf3 31. gxf3 Ke7 32. Kb4 Kf6 33. Ka5 Nb8 34. a4 Ke6 35. Kb4 g5 36. Kc4 f5 37. Nb4 h4 38. Kd3 a5 39. exf5+ Kxf5 40. Nc2 Nd7 41. Ne3+ Kf4 42. Ke2 Nxc5 43. Ng2+ Kf5 44. Ne3+ Ke6 45. Nc4 Nxa4 46. Nxa5 Kd5 47. Nb3 Nc5 48. Nd2 Ne6 49. Ke3 Nf4 50. Ne4 Nxh3 51. Nf6+ Ke6 52. Ng4 Ng1 53. Ke4 h3 54. Nh2 c5 55. Kd3 Kf5 0-1

[Event "Eurasia Open Cup 2019"]
[Site "Ekaterinburg"]
[Date "2019.08.03"]
[Round "4.30"]
[White "Saunina, Ludmila"]
[Black "Fotin, Vladimir"]
[Result "0-1"]
[ECO "E11"]
[WhiteElo "2199"]
[BlackElo "2368"]
[Annotator "NA"]
[PlyCount "108"]
[EventDate "2019.07.31"]
[EventType "swiss"]
[EventCountry "RUS"]
[SourceTitle "playchess.com"]
[Source "ChessBase"]
[SourceQuality "1"]
[TimeControl "5400+30"]

1. d4 Nf6 2. c4 e6 3. Nf3 Bb4+ 4. Nbd2 a5 5. Qc2 d6 6. g3 O-O 7. Bg2 Re8 8. O-O e5 9. e4 Bg4 10. dxe5 dxe5 11. h3 Bh5 12. b3 Nc6 13. Bb2 Qe7 14. Nh4 Ba3 15. Nf5 Qc5 16. Bxa3 Qxa3 17. Nb1 Qc5 18. Nc3 Bg6 19. Rad1 Rad8 20. Qb1 Bxf5 21. exf5 Nd4 22. g4 c6 23. Rd3 b5 24. cxb5 cxb5 25. Re3 b4 26. Na4 Qd6 27. Nb2 Nb5 28. Nc4 Qc7 29. Rfe1 Nc3 30. Qc2 e4 31. g5 Nfd5 32. Rg3 Nf4 33. Bxe4 Rd4 34. Rge3 Nxh3+ 35. Rxh3 Rexe4 36. Rxe4 Nxe4 37. g6 hxg6 38. fxg6 fxg6 39. Re3 Qf4 40. Nxa5 Qg4+ 41. Kh2 Ng5 42. Qe2 Qh4+ 43. Kg2 Ne6 44. Qf3 Rg4+ 45. Kf1 Nf4 46. Qa8+ Kh7 47. Nc4 Qg5 48. Ke1 Rg1+ 49. Kd2 Nd5 50. Qf8 Qg4 51. Rf3 Qd4+ 52. Rd3 Rd1+ 53. Kxd1 Qxd3+ 54. Ke1 Nc3 0-1

[Event "Eurasia Open Cup 2019"]
[Site "Ekaterinburg"]
[Date "2019.08.03"]
[Round "4.31"]
[White "Postnikov, Daniil"]
[Black "Voinikonis, Nikita"]
[Result "0-1"]
[ECO "B94"]
[WhiteElo "2354"]
[BlackElo "2137"]
[Annotator "NA"]
[PlyCount "99"]
[EventDate "2019.07.31"]
[EventType "swiss"]
[EventCountry "RUS"]
[SourceTitle "playchess.com"]
[Source "ChessBase"]
[SourceQuality "1"]
[TimeControl "5400+30"]

1. e4 c5 2. Nf3 d6 3. d4 cxd4 4. Nxd4 Nf6 5. Nc3 a6 6. Nb3 e5 7. Bg5 Be6 8. f4 h6 9. Bxf6 Qxf6 10. f5 Bc8 11. Nd2 Qh4+ 12. g3 Qd8 13. a4 d5 14. Nxd5 Bxf5 15. Qh5 Be6 16. O-O-O Nd7 17. Nc4 Bxd5 18. Rxd5 Qg5+ 19. Qxg5 hxg5 20. Nxe5 Nxe5 21. Rxe5+ Be7 22. Bc4 Rc8 23. Bd5 Rc7 24. h4 gxh4 25. gxh4 Kf8 26. h5 Bd6 27. Rf5 g6 28. Rf6 Be5 29. Rb6 Rxh5 30. Rf1 Bd4 31. Rxg6 Rh1 32. Rgf6 Bxf6 33. Rxh1 Be5 34. a5 Rc5 35. Rh5 Bf6 36. Rf5 Be7 37. Bxb7 Rxf5 38. exf5 Bb4 39. Bxa6 Bxa5 40. c3 Ke7 41. Kc2 Kf6 42. Bd3 Ke5 43. b4 Bd8 44. Kb3 Kf4 45. c4 Ke3 46. Bb1 Kd4 47. c5 Bh4 48. Ka4 Be1 49. Kb5 f6 50. c6 0-1

[Event "Eurasia Open Cup 2019"]
[Site "Ekaterinburg"]
[Date "2019.08.03"]
[Round "4.32"]
[White "Klukin, Kirill"]
[Black "Zhukov, Ivan"]
[Result "1-0"]
[ECO "E60"]
[WhiteElo "2325"]
[BlackElo "2136"]
[Annotator "NA"]
[PlyCount "63"]
[EventDate "2019.07.31"]
[EventType "swiss"]
[EventCountry "RUS"]
[SourceTitle "playchess.com"]
[Source "ChessBase"]
[SourceQuality "1"]
[TimeControl "5400+30"]

1. Nf3 Nf6 2. c4 g6 3. b3 Bg7 4. Bb2 O-O 5. g3 d6 6. d4 c5 7. Bg2 Nc6 8. O-O Bg4 9. dxc5 dxc5 10. h3 Bf5 11. g4 Bd7 12. Nc3 Rc8 13. Qc1 Qc7 14. Rd1 Rfd8 15. Qe3 b6 16. g5 Nh5 17. Nd5 Qb8 18. Bxg7 Kxg7 19. Nxe7 Nxe7 20. Qxe7 Be6 21. e3 Kg8 22. Nh2 Rxd1+ 23. Rxd1 Re8 24. Qd6 Qc8 25. Bc6 Rf8 26. Bd7 Bxd7 27. Qxd7 Qa8 28. Rd5 Ng7 29. Ng4 Ne6 30. Qe7 Qc8 31. Nh6+ Kh8 32. Nxf7+ 1-0

[Event "Eurasia Open Cup 2019"]
[Site "Ekaterinburg"]
[Date "2019.08.03"]
[Round "4.33"]
[White "Pozin, Sergey"]
[Black "Averyanov, Grigori"]
[Result "1/2-1/2"]
[ECO "E07"]
[WhiteElo "2299"]
[BlackElo "2131"]
[Annotator "NA"]
[PlyCount "153"]
[EventDate "2019.07.31"]
[EventType "swiss"]
[EventCountry "RUS"]
[SourceTitle "playchess.com"]
[Source "ChessBase"]
[SourceQuality "1"]
[TimeControl "5400+30"]

1. d4 d5 2. c4 e6 3. Nf3 Nf6 4. Bg5 Be7 5. Nc3 c6 6. g3 O-O 7. Bg2 Nbd7 8. O-O h6 9. Bxf6 Nxf6 10. Qc2 dxc4 11. Rfd1 c5 12. a4 Qa5 13. e3 cxd4 14. exd4 Bd7 15. Ne5 Qc7 16. Nb5 Bxb5 17. axb5 Rfc8 18. Ra4 Qb6 19. Rxc4 Rxc4 20. Qxc4 Rd8 21. Qa4 Ne8 22. Nc4 Qc7 23. Ne3 Qb6 24. Nc4 Qc7 25. Ra1 Bf6 26. d5 exd5 27. Ne3 Bxb2 28. Nxd5 Qc5 29. Rd1 Kf8 30. Bf3 Nf6 31. Ne3 Rxd1+ 32. Nxd1 Bd4 33. Bxb7 Ng4 34. Kg2 Ne5 35. Qb3 Nc4 36. Qa4 g5 37. h3 Kg7 38. Bf3 Nd6 39. Be2 Qe5 40. Qb4 Nf5 41. Qc4 Nd6 42. Qd3 Ne8 43. Bf3 Nf6 44. Ne3 Bxe3 45. Qxe3 Qxe3 46. fxe3 Kf8 47. Kf2 Ke7 48. Ke2 Kd6 49. Kd3 Kc5 50. Be2 Nd5 51. Bh5 f6 52. Be2 Ne7 53. Ke4 Kd6 54. g4 Ke6 55. Kd4 Kd6 56. Ke4 Kc5 57. Bd3 Kd6 58. Kd4 Nd5 59. Bg6 Nc7 60. Bd3 Ne6+ 61. Kc4 Nd8 62. Bg6 Nb7 63. Kd4 Nd8 64. Ke4 Ne6 65. Bf7 Nc7 66. Kf5 Nxb5 67. Kxf6 Nc3 68. Kg7 Ke7 69. Bc4 a5 70. Kxh6 Kf6 71. Kh5 Ne4 72. Bd5 Nc3 73. Bg8 a4 74. h4 gxh4 75. Kxh4 a3 76. Kh5 Kg7 77. Bb3 1/2-1/2

[Event "Eurasia Open Cup 2019"]
[Site "Ekaterinburg"]
[Date "2019.08.03"]
[Round "4.34"]
[White "Inozemtsev, Sergei"]
[Black "Vinokur, Yuliya"]
[Result "1-0"]
[ECO "A00"]
[WhiteElo "2295"]
[BlackElo "2013"]
[Annotator "NA"]
[PlyCount "77"]
[EventDate "2019.07.31"]
[EventType "swiss"]
[EventCountry "RUS"]
[SourceTitle "playchess.com"]
[Source "ChessBase"]
[SourceQuality "1"]
[TimeControl "5400+30"]

1. e4 c6 2. d3 d5 3. Nd2 e5 4. g3 Nf6 5. Bg2 Bc5 6. Ngf3 Bg4 7. h3 dxe4 8. dxe4 Be6 9. O-O Nbd7 10. Ng5 O-O 11. Nxe6 fxe6 12. Qe2 Qe8 13. Nb3 Qg6 14. Be3 Bxe3 15. Qxe3 b6 16. a4 c5 17. Nd2 a6 18. Qb3 Ne8 19. Rad1 Rb8 20. Qd3 Ndf6 21. Qxa6 Nc7 22. Qe2 b5 23. axb5 Nxb5 24. Nc4 Nd4 25. Qd3 Rbd8 26. c3 Nc6 27. Qe3 Rc8 28. Nd6 Rc7 29. Qxc5 Nd7 30. Qe3 Rb8 31. b4 Na7 32. Rd3 Nb5 33. Rfd1 Nf6 34. Nxb5 Rxb5 35. Rd8+ Kf7 36. Bf1 Rbb7 37. Ba6 Ra7 38. b5 Re7 39. Re1 1-0

[Event "Eurasia Open Cup 2019"]
[Site "Ekaterinburg"]
[Date "2019.08.03"]
[Round "4.35"]
[White "Fedotov, Alexey"]
[Black "Matsenko, Andrei"]
[Result "1-0"]
[ECO "E39"]
[WhiteElo "2141"]
[BlackElo "2293"]
[Annotator "NA"]
[PlyCount "78"]
[EventDate "2019.07.31"]
[EventType "swiss"]
[EventCountry "RUS"]
[SourceTitle "playchess.com"]
[Source "ChessBase"]
[SourceQuality "1"]
[TimeControl "5400+30"]

1. d4 Nf6 2. c4 e6 3. Nc3 Bb4 4. Nf3 O-O 5. Qc2 c5 6. dxc5 Na6 7. Bd2 Nxc5 8. e3 d6 9. a3 Bxc3 10. Bxc3 Nce4 11. Bxf6 Nxf6 12. Be2 Qe7 13. O-O e5 14. Rfd1 Bg4 15. Rac1 Rac8 16. Qb1 h6 17. b3 Rfd8 18. Qb2 b6 19. h3 Bh5 20. Nh4 Bxe2 21. Qxe2 g6 22. e4 Qb7 23. f3 Nh5 24. Kh2 Qe7 25. Qf2 a6 26. a4 Qg5 27. g3 b5 28. axb5 axb5 29. Ng2 bxc4 30. bxc4 Rb8 31. Rc3 Qe7 32. Ne3 Qa7 33. Qe2 Nf6 34. Rcd3 Qc5 35. h4 Rb6 36. Nd5 Nxd5 37. Rxd5 Qa3 38. c5 Rc6 39. Qd3 Rxc5 1-0

[Event "Eurasia Open Cup 2019"]
[Site "Ekaterinburg"]
[Date "2019.08.03"]
[Round "4.36"]
[White "Karpeshov, Oleg"]
[Black "Morgachev, Sergey"]
[Result "1-0"]
[ECO "B31"]
[WhiteElo "2286"]
[BlackElo "1965"]
[Annotator "NA"]
[PlyCount "115"]
[EventDate "2019.07.31"]
[EventType "swiss"]
[EventCountry "RUS"]
[SourceTitle "playchess.com"]
[Source "ChessBase"]
[SourceQuality "1"]
[TimeControl "5400+30"]

1. e4 c5 2. Nf3 Nc6 3. Bb5 g6 4. c3 Nf6 5. Qe2 Bg7 6. O-O O-O 7. d4 cxd4 8. cxd4 d5 9. e5 Ne8 10. h3 Nc7 11. Nc3 Nxb5 12. Qxb5 e6 13. Bg5 Qa5 14. Qd3 h6 15. Bh4 Bd7 16. Qe3 Rfe8 17. Bf6 Ne7 18. Qf4 Qd8 19. Rfe1 Kh7 20. g4 Bxf6 21. exf6 Nc6 22. Kg2 Qb8 23. Ne5 Nxe5 24. Rxe5 g5 25. Qe3 Rg8 26. f4 gxf4 27. Qxf4 Rg6 28. Rf1 Qd8 29. Nd1 Rc8 30. Rf2 Bb5 31. Re3 Ba6 32. Nc3 Rc4 33. b3 Rc8 34. Rff3 Qc7 35. Qxc7 Rxc7 36. Kg3 Rg8 37. h4 b6 38. Kf4 Rg6 39. g5 Rg8 40. Rg3 h5 41. Ke5 Kg6 42. b4 Bc4 43. a3 a5 44. Nb1 Ba6 45. Rc3 Rgc8 46. Rxc7 Rxc7 47. Rc3 Bc4 48. Nd2 b5 49. Nf3 axb4 50. axb4 Ra7 51. Kf4 Kh7 52. Ne5 Kg8 53. g6 fxg6 54. Rg3 Ra1 55. Rxg6+ Kf8 56. Kg5 Rg1+ 57. Kh6 Rf1 58. Kh7 1-0

[Event "Eurasia Open Cup 2019"]
[Site "Ekaterinburg"]
[Date "2019.08.03"]
[Round "4.37"]
[White "Pogorelskikh, Sergey"]
[Black "Yadigarov, Aivaz"]
[Result "1-0"]
[ECO "B06"]
[WhiteElo "2284"]
[BlackElo "1938"]
[Annotator "NA"]
[PlyCount "91"]
[EventDate "2019.07.31"]
[EventType "swiss"]
[EventCountry "RUS"]
[SourceTitle "playchess.com"]
[Source "ChessBase"]
[SourceQuality "1"]
[TimeControl "5400+30"]

1. e4 c6 2. d4 d6 3. Nc3 g6 4. h3 Bg7 5. Nf3 Nd7 6. a4 Qc7 7. Bc4 Ngf6 8. O-O O-O 9. Ba2 e5 10. Be3 Re8 11. dxe5 dxe5 12. Nd2 Nf8 13. Nc4 Rd8 14. Qf3 Ne6 15. Rfd1 Nd4 16. Bxd4 exd4 17. Ne2 b5 18. e5 Ne8 19. axb5 Bb7 20. Na5 Bxe5 21. bxc6 Ba6 22. Nc1 Rab8 23. Bc4 Rb6 24. Nd3 Bh2+ 25. Kh1 Bxc4 26. Nxc4 Rxc6 27. Rxa7 Qxa7 28. Qxc6 Qc7 29. Qxc7 Bxc7 30. Ra1 Nd6 31. Nxd6 Rxd6 32. b4 Rc6 33. Ra2 Rb6 34. Kg1 Kf8 35. Kf1 Ke7 36. Ra7 Kd8 37. Ke2 f5 38. Nc5 Kc8 39. Ra8+ Rb8 40. Rxb8+ Bxb8 41. Kd3 Be5 42. Kc4 Kc7 43. Ne6+ Kd6 44. Nf8 Bf6 45. Nxh7 Be7 46. f4 1-0

[Event "Eurasia Open Cup 2019"]
[Site "Ekaterinburg"]
[Date "2019.08.03"]
[Round "4.38"]
[White "Pauli, Stanislav"]
[Black "Tsybikov, Tumen"]
[Result "0-1"]
[ECO "B51"]
[WhiteElo "1898"]
[BlackElo "2281"]
[Annotator "NA"]
[PlyCount "132"]
[EventDate "2019.07.31"]
[EventType "swiss"]
[EventCountry "RUS"]
[SourceTitle "playchess.com"]
[Source "ChessBase"]
[SourceQuality "1"]
[TimeControl "5400+30"]

1. Nf3 c5 2. e4 d6 3. Bb5+ Nd7 4. O-O a6 5. Bd3 Ngf6 6. Re1 e6 7. a4 b6 8. c3 Bb7 9. Na3 Be7 10. Qe2 O-O 11. Bc2 Qc7 12. h3 Rac8 13. d3 Rfe8 14. Bf4 Nf8 15. Rac1 e5 16. Bh2 Ne6 17. Nc4 Bf8 18. Ne3 b5 19. axb5 axb5 20. Bb3 Nf4 21. Qd1 Nxd3 22. Qxd3 c4 23. Qf1 cxb3 24. Qxb5 Bxe4 25. Qxb3 Rb8 26. Qc4 Qxc4 27. Nxc4 Bxf3 28. gxf3 Rec8 29. Ne3 Rxb2 30. c4 Nd7 31. f4 f6 32. Rb1 Rcb8 33. Rxb2 Rxb2 34. Rd1 Nc5 35. f5 Nb3 36. Kg2 g6 37. Rd5 Nd4 38. fxg6 hxg6 39. Ra5 Rb7 40. Nd5 Kf7 41. Ra8 Ne6 42. h4 Nc7 43. Ra5 Nxd5 44. cxd5 Be7 45. f4 Rb2+ 46. Kh3 Rb3+ 47. Kg2 Rb4 48. h5 gxh5 49. f5 Rb2+ 50. Kg1 h4 51. Ra1 Rd2 52. Ra5 h3 53. Rb5 Rg2+ 54. Kh1 Rf2 55. Rb3 Rxf5 56. Rxh3 Rf2 57. Rh7+ Kf8 58. Rh8+ Kg7 59. Ra8 Rd2 60. Ra5 Kg6 61. Bg3 Bf8 62. Kg1 Bh6 63. Be1 Rd1 64. Kf2 Bd2 65. Bxd2 Rxd2+ 66. Ke3 Rd4 0-1

[Event "Eurasia Open Cup 2019"]
[Site "Ekaterinburg"]
[Date "2019.08.03"]
[Round "4.39"]
[White "Isanzhulov, Arystan"]
[Black "Kirillov, Anton"]
[Result "1-0"]
[ECO "C02"]
[WhiteElo "2278"]
[BlackElo "1855"]
[Annotator "NA"]
[PlyCount "55"]
[EventDate "2019.07.31"]
[EventType "swiss"]
[EventCountry "RUS"]
[SourceTitle "playchess.com"]
[Source "ChessBase"]
[SourceQuality "1"]
[TimeControl "5400+30"]

1. e4 c5 2. Nf3 e6 3. c3 d5 4. e5 Nc6 5. d4 Qb6 6. Na3 cxd4 7. cxd4 Bb4+ 8. Bd2 Bxa3 9. bxa3 Nxd4 10. Qa4+ Nc6 11. Bd3 Bd7 12. Qf4 Nge7 13. O-O Ng6 14. Qg5 Qc5 15. Rab1 Qxa3 16. Rb3 Qe7 17. Qg3 O-O 18. h4 f5 19. exf6 Qxf6 20. Rxb7 Bc8 21. Rc7 e5 22. Rc1 Nd4 23. Nxd4 exd4 24. h5 Ne5 25. Bg5 Qe6 26. Re7 Nxd3 27. Rxe6 Nxc1 28. Bh6 1-0

[Event "Eurasia Open Cup 2019"]
[Site "Ekaterinburg"]
[Date "2019.08.03"]
[Round "4.41"]
[White "Mamatov, Melis"]
[Black "Sosnina, Ekaterina"]
[Result "1-0"]
[ECO "B50"]
[WhiteElo "2269"]
[BlackElo "1800"]
[Annotator "NA"]
[PlyCount "96"]
[EventDate "2019.07.31"]
[EventType "swiss"]
[EventCountry "RUS"]
[SourceTitle "playchess.com"]
[Source "ChessBase"]
[SourceQuality "1"]
[TimeControl "5400+30"]

1. e4 c5 2. Nf3 d6 3. c3 Nf6 4. h3 Nc6 5. Bd3 g6 6. Bc2 Bg7 7. d3 O-O 8. Bg5 d5 9. Qc1 d4 10. Bh6 c4 11. Bxg7 Kxg7 12. e5 Nd5 13. dxc4 Nb6 14. b3 d3 15. Bd1 Nd7 16. Qe3 Qa5 17. O-O Ndxe5 18. Nxe5 Qxe5 19. Qxd3 Rd8 20. Qe2 Qg5 21. Qe3 Qxe3 22. fxe3 Bf5 23. Be2 Ne5 24. Na3 Rd2 25. Rf2 a6 26. c5 Bd3 27. Bf3 Nxf3+ 28. gxf3 Rxf2 29. Kxf2 Bf5 30. h4 Rd8 31. e4 Be6 32. Ke3 Rc8 33. b4 b6 34. c4 bxc5 35. b5 axb5 36. cxb5 Ra8 37. Nb1 Bxa2 38. Nc3 Bd5 39. Rxa8 Bxa8 40. Na4 Kh6 41. Nxc5 Kh5 42. b6 Kxh4 43. b7 Bxb7 44. Nxb7 Kg3 45. Nd8 f5 46. exf5 gxf5 47. Nc6 e6 48. Nd4 f4+ 1-0

[Event "Eurasia Open Cup 2019"]
[Site "Ekaterinburg"]
[Date "2019.08.03"]
[Round "4.42"]
[White "Pogromsky, Mikhail"]
[Black "Ryabikov, Vladislav"]
[Result "1-0"]
[ECO "A05"]
[WhiteElo "2414"]
[BlackElo "1719"]
[Annotator "NA"]
[PlyCount "37"]
[EventDate "2019.07.31"]
[EventType "swiss"]
[EventCountry "RUS"]
[SourceTitle "playchess.com"]
[Source "ChessBase"]
[SourceQuality "1"]
[TimeControl "5400+30"]

1. Nf3 Nf6 2. b3 g6 3. Bb2 Bg7 4. g3 O-O 5. Bg2 d5 6. c4 c5 7. cxd5 Nxd5 8. Bxg7 Kxg7 9. O-O Nc6 10. d4 cxd4 11. Nxd4 Nxd4 12. Qxd4+ Nf6 13. Qe5 Qb6 14. Nc3 Be6 15. Na4 Qb4 16. Nc5 Bd5 17. Qxe7 Qb5 18. Bxd5 Nxd5 19. Qe5+ 1-0

[Event "Eurasia Open Cup 2019"]
[Site "Ekaterinburg"]
[Date "2019.08.03"]
[Round "4.43"]
[White "Hamitevici, Vladimir"]
[Black "Gabdrakhmanov, Azat"]
[Result "0-1"]
[ECO "E81"]
[WhiteElo "2480"]
[BlackElo "2111"]
[Annotator "ChessBase"]
[PlyCount "96"]
[EventDate "2019.07.31"]
[EventType "swiss"]
[EventCountry "RUS"]
[SourceTitle "playchess.com"]
[Source "ChessBase"]
[SourceQuality "1"]
[TimeControl "5400+30"]

1. d4 Nf6 2. c4 g6 3. Nc3 Bg7 4. e4 d6 5. f3 O-O 6. Be3 a6 7. Nge2 c6 8. Qd2 b5 9. b3 Nbd7 10. Rd1 Qa5 11. Nc1 Bb7 12. Nb1 Qc7 13. Nd3 Nb6 14. c5 Nbd7 15. cxd6 exd6 16. Rc1 Qd8 17. Be2 Re8 18. O-O Qe7 19. Rfe1 Rac8 20. b4 Nb6 21. Na3 Nfd7 22. Bf1 Qf8 23. g4 Na4 24. Nf2 c5 25. Nc2 c4 26. Bg2 Ndb6 27. Bf4 c3 28. Qe2 Nd5 29. Bg3 Bh6 30. Rb1 Nf4 31. Qf1 Nb6 32. Nd3 Nxg2 33. Qxg2 Nc4 34. h4 Bd2 35. Re2 Qg7 36. Bf4 Na3 37. Rxd2 cxd2 38. Nxa3 Rc3 39. Nf2 Rxa3 40. Bxd2 Qxd4 41. Bh6 Rxa2 42. Rd1 Qxd1+ 43. Nxd1 Rxg2+ 44. Kxg2 d5 45. exd5 Bxd5 46. Kf2 f6 47. Be3 Rc8 48. Bd2 Rc2 0-1

[Event "Eurasia Open Cup 2019"]
[Site "Ekaterinburg"]
[Date "2019.08.03"]
[Round "4.44"]
[White "Dilmukhametov, Artur"]
[Black "Mukhina, Jana"]
[Result "1-0"]
[ECO "A25"]
[WhiteElo "2346"]
[BlackElo "2090"]
[Annotator "NA"]
[PlyCount "107"]
[EventDate "2019.07.31"]
[EventType "swiss"]
[EventCountry "RUS"]
[SourceTitle "playchess.com"]
[Source "ChessBase"]
[SourceQuality "1"]
[TimeControl "5400+30"]

1. c4 Nf6 2. Nc3 g6 3. g3 Bg7 4. Bg2 O-O 5. e3 e5 6. Nge2 Re8 7. d3 Nc6 8. O-O d6 9. a3 Be6 10. Qc2 Qd7 11. b3 Bh3 12. Bb2 h5 13. Nd5 Nxd5 14. cxd5 Bxg2 15. Kxg2 Ne7 16. e4 c6 17. dxc6 Qxc6 18. Rac1 Qxc2 19. Rxc2 Rac8 20. Rfc1 Rxc2 21. Rxc2 Rc8 22. Rxc8+ Nxc8 23. d4 Nb6 24. f4 f6 25. Nc1 Kf7 26. Nd3 Nd7 27. Kf3 Ke6 28. f5+ Kf7 29. g4 hxg4+ 30. Kxg4 g5 31. a4 Bf8 32. Nb4 Nb8 33. Nc2 Nc6 34. Bc3 Be7 35. d5 Nb8 36. Bd2 Bd8 37. Be3 a6 38. Na3 Nd7 39. Nc4 Bc7 40. b4 b6 41. a5 b5 42. Nb6 Nf8 43. Kh5 Bb8 44. Nc8 Nd7 45. Kh6 Bc7 46. Ba7 Nf8 47. Bb6 Bb8 48. Bd8 Nd7 49. Be7 Ke8 50. Bxd6 Kd8 51. Bxb8 Nxb8 52. Nb6 Ke7 53. Kg6 g4 54. Kg7 1-0

[Event "Eurasia Open Cup 2019"]
[Site "Ekaterinburg"]
[Date "2019.08.03"]
[Round "4.45"]
[White "Semenova, Elena"]
[Black "Grebnev, Aleksey"]
[Result "1-0"]
[ECO "C03"]
[WhiteElo "2286"]
[BlackElo "2093"]
[Annotator "NA"]
[PlyCount "109"]
[EventDate "2019.07.31"]
[EventType "swiss"]
[EventCountry "RUS"]
[SourceTitle "playchess.com"]
[Source "ChessBase"]
[SourceQuality "1"]
[TimeControl "5400+30"]

1. e4 e6 2. d4 d5 3. Nd2 h6 4. Ngf3 Nf6 5. Bd3 c5 6. e5 Nfd7 7. c3 Nc6 8. O-O Qb6 9. dxc5 Qc7 10. Nb3 Nxc5 11. Nxc5 Bxc5 12. Bf4 Bd7 13. Bg3 Be7 14. Qe2 g5 15. Nd4 Nxd4 16. cxd4 Qb6 17. Rac1 h5 18. f3 Qxd4+ 19. Bf2 Qb4 20. a3 Qa5 21. Rc3 Qd8 22. Rfc1 Kf8 23. b4 Kg7 24. Bc5 Rc8 25. Bxa7 Rxc3 26. Rxc3 Qa8 27. Bc5 Bd8 28. Bb5 Bxb5 29. Qxb5 Qb8 30. Bd4 Bc7 31. Qe2 Rc8 32. Qc2 Bxe5 33. Rxc8 Bxd4+ 34. Kh1 Qe5 35. Qd1 h4 36. Rc2 Kh6 37. Qe2 Be3 38. Rc1 d4 39. Rd1 f5 40. a4 Qc7 41. Qa2 Qd6 42. Qb3 Bf4 43. Qd3 Be5 44. Qb5 h3 45. Qc5 hxg2+ 46. Kxg2 Qb8 47. Re1 Bxh2 48. Rxe6+ Kh5 49. Qxf5 Qg3+ 50. Kf1 Qg1+ 51. Ke2 d3+ 52. Qxd3 Kh4 53. Rh6+ Kg3 54. Qd6+ Kg2 55. Qxh2+ 1-0